 Dungeon Crawl Stone Soup version 0.29.1-1-gd02db6906a (webtiles) character file.

Game seed: 12559139318194682901

79 DemonSlayer the Firebug (level 4, -4/45 HPs)
             Began as a Demonspawn Fire Elementalist on Oct 19, 2022.
             Slain by an iguana (9 damage)
             ... on level 5 of the Dungeon.
             The game lasted 00:08:21 (3750 turns).

DemonSlayer the Firebug (DsFE)                      Turns: 3750, Time: 00:08:22

Health: -4/45      AC: 22    Str:  8    XL:     4   Next: 16%
Magic:  2/7        EV:  2    Int: 19    God:
Gold:   89         SH:  0    Dex: 13    Spells: 1/7 levels left

rFire   . . .      SeeInvis .   c - +0 whip
rCold   . . .      Faith    .   (no shield)
rNeg    . . .      Spirit   .   (body armour currently unavailable)
rPois   +          Reflect  .   (helmet currently unavailable)
rElec   .          Harm     .   (cloak currently unavailable)
rCorr   .          Rampage  .   (gloves currently unavailable)
Will    .....      NoTele   +   (boots currently unavailable)
Stlth   ++........              (no amulet)
HPRegen 0.15/turn               (no ring)
MPRegen 0.10/turn               (no ring)

@: tree-form, invisible
A: stationary, stasis, torment immunity, boosted hp, (antennae 1), ignite blood
1, (demonic touch 1)
a: no special abilities


You were on level 5 of the Dungeon.
You were a tree.
You visited 1 branch of the dungeon, and saw 4 of its levels.

You collected 89 gold pieces.

Inventory:

Hand Weapons
 c - a +0 whip (weapon)
Armour
 a - a +0 robe (melded)
 h - a +0 pair of boots (melded)


   Skills:
 + Level 0.1 Maces & Flails
 + Level 2.6 Dodging
 + Level 2.1 Stealth
 + Level 2.4 Spellcasting
 + Level 1.3 Conjurations
 + Level 3.4 Fire Magic


You had one spell level left.
You knew the following spells:

 Your Spells              Type           Power      Damage    Failure   Level
a - Foxfire               Conj/Fire      44%        2x1d6     6%          1
b - Scorch                Fire           30%        2d6       6%          2
c - Conjure Flame         Conj/Fire      11%        6-21      19%         3

Your spell library contained the following spells:

 Spells                   Type           Power      Damage    Failure   Level
 Summon Small Mammal      Summ           8%         N/A       16%         1
 Inner Flame              Hex/Fire       8%         N/A       24%         3
 Call Canine Familiar     Summ           2%         N/A       43%         3
 Summon Guardian Golem    Hex/Summ       2%         N/A       43%         3
 Flame Wave               Conj/Fire      11%        2d6       52%         4


Dungeon Overview and Level Annotations

Branches:
Dungeon (3/15)

Altars:

Shops:
D:1 (


Innate Abilities, Weirdness & Mutations

You are a tree.
Your roots penetrate the ground, keeping you stationary.
You cannot be teleported.
You are immune to unholy pain and torment.
Your maximum health is greatly increased.
Your equipment is partially melded.
((You have a pair of small antennae on your head.))
Your demonic aura sometimes causes spilled blood to erupt in flames.
((Your touch may inflict minor irresistible damage on your foes.))


Message History

You miscast Scorch.
You are very lightly contaminated with residual magic.
Nothing appears to happen.
The iguana bites you!
It was a potion of cancellation.
You feel magically purged.
Your magical contamination has completely faded away.
The iguana bites you!
* * * LOW HITPOINT WARNING * * *
You aren't carrying any scrolls.
It was a potion of lignification.
You turn into a tree.
Your +0 pair of boots melds into your body.
Your +0 robe melds into your body.
Your roots penetrate the ground.
The iguana barely misses you.
You completely miss the iguana.
The iguana is lightly wounded.
The iguana bites you!
* * * LOW HITPOINT WARNING * * *
You barely miss the iguana.
The iguana is lightly wounded.
The iguana bites you but does no damage.
It was a potion of invisibility.
You fade into invisibility!
The iguana barely misses you.
You completely miss the iguana.
The iguana is lightly wounded.
The iguana bites you but does no damage.
You strike the helpless iguana from behind!
You hit the iguana.
The iguana is moderately wounded.
The iguana bites you.
* * * LOW HITPOINT WARNING * * *
You hit the iguana but do no damage.
The iguana is moderately wounded.
The iguana bites you but does no damage.
You hit the iguana.
The iguana is moderately wounded.
The iguana barely misses you.
You barely miss the iguana.
The iguana is moderately wounded.
The iguana bites you!
You die...

###......[....
...........
#........ ..
?.....#....
#........W
#.####..#
#.....W.#
######l## #♣#
#.########
#........#
#..#####.#
#..#####.#
#.........
##.#####.#
#.......#
#########


You could see a phantom (unable to see you) and an iguana (unable to see you).

Vanquished Creatures
  3 adders (D:2)
  A worm (D:2)
  2 dart slugs (D:2)
  2 endoplasms
  2 giant cockroaches (D:2)
  3 goblins
  3 hobgoblins
  3 quokkas
  7 ball pythons
  8 bats
  5 frilled lizards
  3 kobolds
  4 rats
46 creatures vanquished.

Vanquished Creatures (others)
  134 foxfires
134 creatures vanquished.

Grand Total: 180 creatures vanquished

Notes
Turn   | Place    | Note
-------+----------+-------------------------------------------
     0 | D:1      | DemonSlayer the Demonspawn Fire Elementalist began the
                  | quest for the Orb.
     0 | D:1      | Reached XP level 1. HP: 13/13 MP: 3/3
   352 | D:1      | Found Mudiurer's Weapon Shop.
   365 | D:1      | Discovered your monstrous ancestry.
   365 | D:1      | Gained mutation: You have a pair of small antennae on your
                  | head. [demonic ancestry]
   365 | D:1      | Reached XP level 2. HP: 14/19 MP: 0/5
   368 | D:1      | Learned a level 2 spell: Scorch
   865 | D:1      | Reached skill level 3 in Fire Magic
  1049 | D:1      | Found a faded altar of an unknown god.
  1544 | D:2      | Gained mutation: Your demonic aura sometimes causes spilled
                  | blood to erupt in flames. [demonic ancestry]
  1544 | D:2      | Reached XP level 3. HP: 6/24 MP: 3/6
  2489 | D:2      | Learned a level 3 spell: Conjure Flame
  2712 | D:2      | Gained mutation: Your touch may inflict minor irresistible
                  | damage on your foes. [demonic ancestry]
  2712 | D:2      | Reached XP level 4. HP: 22/30 MP: 2/7
  3721 | D:3      | You fall into a shaft and drop 2 floors!
  3721 | D:5      | Entered Level 5 of the Dungeon
  3734 | D:5      | Noticed a phantom
  3750 | D:5      | Slain by an iguana

Illustrated notes

Levels and vault maps discovered:
D:1:      wheals_arrival_shading, layout_loops_corners,
          hellmonk_ecumenical_altar_run_dry, serial_shops, shop
D:2:      layout_loops_cross, serial_rivers, chequers_serial_rivers_small_b,
          chequers_serial_rivers_micro_b, chequers_serial_rivers_small_a,
          chequers_serial_rivers_room_a
D:3:      layout_loops_ring, mainiacjoe_overflow_big_doors,
          mainiacjoe_overflow_boulevard, uniq_natasha, uniq_ijyb
D:5:      layout_loops_cross, minmay_temple_entry_metal_lava, serial_shops,
          kennysheep_mini, kennysheep_nub

Skill      XL: |  1  2 |
---------------+-------+-----
Dodging        | 2 |  2.6
Fire Magic     | 3 |  3.4
Stealth        | 2 |  2.1
Maces & Flails | |  0.1
Spellcasting   | |  2.4
Conjurations   | |  1.3

Action                   |  1- 3 |  4- 6 || total
-------------------------+-------+-------++-------
Melee: Whip              |    50 |    10 ||    60
 Cast: Foxfire           |    88 |       ||    88
       Scorch            |     2 |     9 ||    11
  Use: Potion            |     2 |     3 ||     5
       Scroll            |       |     5 ||     5
 Stab: Sleeping          |     3 |       ||     3
       Invisible         |       |     1 ||     1
Armor: Robe              |    14 |     1 ||    15
       Skin              |       |     3 ||     3
Dodge: Dodged            |    66 |     5 ||    71
